 Dungeon Crawl Stone Soup version 0.30-a0-311-gf115ab0292 (webtiles) character file.

Game seed: 1278110256313418889

44 LnG the Caller (level 3, -3/19 HPs)
             Began as a Kobold Summoner on Oct 25, 2022.
             Slain by Terence
             ... wielding a +0 trident
              (4 damage)
             ... on level 2 of the Dungeon.
             The game lasted 00:17:27 (1939 turns).

LnG the Caller (Kobold Summoner)                    Turns: 1939, Time: 00:17:28

Health: -3/19      AC:  4    Str:  5    XL:     3   Next: 85%
Magic:  3/6        EV: 15    Int: 18    God:
Gold:   89         SH:  0    Dex: 15    Spells: 1/7 levels left

rFire   . . .      SeeInvis .    m - +0 dagger
rCold   . . .      Faith    .    (no shield)
rNeg    + . .      Spirit   .    a - +0 robe
rPois   +          Reflect  .    g - +0 helmet
rElec   .          Harm     .    j - +0 cloak
rCorr   .          Rampage  .    (no gloves)
Will    .....                    (no boots)
Stlth   +++.......               f - amulet of regeneration
HPRegen 1.03/turn                i - ring of poison resistance
MPRegen 0.10/turn                c - ring of positive energy

@: no status effects
A: small, no large weapons, nightstalker 3
a: no special abilities


You were on level 2 of the Dungeon.
You visited 1 branch of the dungeon, and saw 2 of its levels.

You collected 89 gold pieces.

Inventory:

Hand Weapons
 m - a +0 dagger (weapon)
Armour
 a - a +0 robe (worn)
 g - a +0 helmet (worn)
 j - a +0 cloak (worn)
Jewellery
 c - a ring of positive energy (right hand)
 f - an amulet of regeneration (around neck)
 i - a ring of poison resistance (left hand)
Scrolls
 d - a scroll of identify
 k - a scroll of teleportation
 n - a scroll of magic mapping {unknown}
 p - a scroll of immolation {unknown}
Potions
 b - a potion of magic
 e - a potion of degeneration {unknown}
 h - a potion of curing {unknown}
 l - a potion of berserk rage {unknown}
 o - a potion of flight {unknown}


   Skills:
 + Level 0.3 Fighting
 + Level 0.3 Short Blades
 * Level 2.6 Dodging
 * Level 3.6 Stealth
 + Level 2.6 Spellcasting
 + Level 4.5 Summonings


You had one spell level left.
You knew the following spells:

 Your Spells              Type           Power      Damage    Failure   Level
a - Summon Small Mammal   Summ           72%        N/A       2%          1
b - Call Imp              Summ           18%        N/A       4%          2
c - Call Canine Familiar  Summ           18%        N/A       9%          3

Your spell library contained the following spells:

 Spells                   Type           Power      Damage    Failure   Level
 Summon Guardian Golem    Hex/Summ       10%        N/A       21%         3
 Summon Lightning Spire   Summ/Air       10%        N/A       56%         4


Dungeon Overview and Level Annotations

Branches:
Dungeon (2/15)

Altars:

Annotations:
D:2 Terence


Innate Abilities, Weirdness & Mutations

You are small and have problems with some larger weapons.
You are completely attuned to the shadows.


Message History

The worm is almost dead.
The worm misses you.
You barely miss the worm.
The worm is almost dead.
The worm barely misses you.
You hit the worm.
The worm is almost dead.
You hit the worm.
You kill the worm!
No target in view!
There is a dry fountain here.
There is a dry fountain here.
There is a dry fountain here.
You see here a worm corpse.
p - a scroll labelled DEACOK ARUEGA
There is an open door here.
Terence misses you.
You closely miss Terence. Terence hits you with a +0 trident.
Casting: Call Canine Familiar (extremely dangerous; 9% risk of failure)
Confirm with . or Enter, or press ? or * to list all spells.
The spell is extremely dangerous to miscast (9% risk of failure)!
Continue anyway?
Terence drinks a potion.
Terence seems to grow stronger.
You hit Terence but do no damage. Terence hits you with a +0 trident.
You hit Terence but do no damage.
Your hound bites Terence but does no damage.
Terence closely misses you.
Your hound bites Terence but does no damage.
You hit Terence but do no damage.
Your hound closely misses Terence.
Terence closely misses you.
You completely miss Terence.
Your hound completely misses Terence.
Terence says, "How do you enjoy it?" Terence barely misses you.
Your hound bites Terence but does no damage.
You hit Terence.
Terence is lightly wounded.
Your hound completely misses Terence.
Terence hits you with a +0 trident!
Ouch! That really hurt!
* * * LOW HITPOINT WARNING * * *
Terence attacks as you move away! Terence hits you with a +0 trident.
You die...

### #.. .#########.# .
.........#.##.. #
#.............. #####
#....###.#.### #....
#....###.#.#############....
#####......@@..........#....
#.'......h##########......
#.#.........# #######
#.#.........+ #....#
#.#.####....# #....# #.#.#
#....# #....# ########.#
#...รท. #........#
...#)#####.....
#........######
#....##....#'#.


You could see Terence (strong, ally target) and a friendly hound (summoned).

Vanquished Creatures
  A worm (D:2)
  A dart slug (D:2)
  2 bats
  2 endoplasms
  A giant cockroach (D:1)
  4 jackals (D:2)
  4 kobolds
  3 quokkas
  3 ball pythons (D:1)
  A frilled lizard (D:1)
  2 rats
24 creatures vanquished.

Vanquished Creatures (collateral kills)
  2 dart slugs (D:1)
  An endoplasm (D:1)
  A hobgoblin (D:1)
  A kobold (D:1)
  3 frilled lizards (D:1)
8 creatures vanquished.

Vanquished Creatures (others)
  A plant (D:2)
1 creature vanquished.

Grand Total: 33 creatures vanquished

Notes
Turn   | Place    | Note
-------+----------+-------------------------------------------
     0 | D:1      | LnG the Kobold Summoner began the quest for the Orb.
     0 | D:1      | Reached XP level 1. HP: 10/10 MP: 3/3
   318 | D:1      | Reached XP level 2. HP: 15/15 MP: 1/5
   983 | D:1      | Reached XP level 3. HP: 19/19 MP: 6/6
  1244 | D:2      | Noticed Terence
  1269 | D:1      | Learned a level 2 spell: Call Imp
  1273 | D:1      | Learned a level 3 spell: Call Canine Familiar
  1939 | D:2      | Slain by Terence

Illustrated notes

Levels and vault maps discovered:
D:1:      minmay_arrival_pointy, layout_basic
D:2:      layout_basic, shapermc_ecumenical_altar_acropolis,
          minmay_misc_feat_rugged, uniq_terence, uniq_crazy_yiuf_cottage

Skill      XL: |  1  2  3 |
---------------+----------+-----
Stealth        | 3 |  3.6
Fighting       | |  0.3
Short Blades   | |  0.3
Dodging        | |  2.6
Spellcasting   | |  2.6
Summonings     | |  4.5

Action                   || total
-------------------------++-------
Melee: Unarmed           ||    26
       Dagger            ||    96
       Punch             ||     1
 Cast: Summon Small Mamm ||    22
       Call Canine Famil ||     2
  Use: Scroll            ||     2
 Stab: Sleeping          ||    12
Armor: Robe              ||    18
Dodge: Dodged            ||    94

Table legend: (Time is in decaauts)
 A = Elapsed time spent in this place.
 B = Non-inter-level travel time spent in this place.
 C = Inter-level travel time spent in this place.
 D = Time resting spent in this place.
 E = Time spent auto-exploring this place.
 F = Levels seen in this place.
 G = Mean time per level.
                   A        B        C        D        E       F      G
               +--------+--------+--------+--------+--------+-----+--------+
         Total |   1937 |   1838 |     99 |      0 |   1382 |   2 |  968.5 |
       Dungeon |   1937 |   1838 |     99 |      0 |   1382 |   2 |  968.5 |
               +--------+--------+--------+--------+--------+-----+--------+

Top non-repeatable levels by time:
     D:1: 1278 daAuts
     D:2: 659 daAuts
